 Dungeon Crawl Stone Soup version 0.25.1-1-g288607f5aa (webtiles) character file.

Game seed: 4280051109793015738

553 Kold the Insei (level 7, -1/43 HPs)
             Began as an Octopode Transmuter on July 28, 2020.
             Was an Initiate of Okawaru.
             Slain by an orc
             ... wielding a +0 whip
              (6 damage)
             ... on level 4 of the Dungeon.
             The game lasted 00:06:48 (4605 turns).

Kold the Insei (Octopode Transmuter)                Turns: 4605, Time: 00:06:49

Health: -1/43      AC:  1    Str: 10    XL:     7   Next: 29%
Magic:  10/10      EV: 13    Int: 17    God:    Okawaru [......]
Gold:   164        SH:  0    Dex: 12    Spells: 4/10 levels left

rFire    + . .     SeeInvis .     - Unarmed
rCold    . . .     Gourm    .   (no shield)
rNeg     . . .     Faith    .   (helmet restricted)
rPois    .         Spirit   .   (no amulet)
rElec    .         Reflect  .   (no ring)
rCorr    .         Harm     .   g - ring of protection from fire
MR       .....                  (no ring)
Stlth    ++........             (no ring)
HPRegen  0.14/turn              (no ring)
MPRegen  0.12/turn              (no ring)
                                (no ring)
                                (no ring)

@: no status effects
A: almost no armour, stealthy swim, amphibious, 8 rings, constrict 8, camouflage
1, gelatinous body 1
a: Renounce Religion


You were on level 4 of the Dungeon.
You worshipped Okawaru.
Okawaru was noncommittal.
You were not hungry.

You visited 2 branches of the dungeon, and saw 6 of its levels.

You collected 164 gold pieces.

Inventory:

Missiles
 a - 86 arrows
Jewellery
 g - a ring of protection from fire (right tentacle)
Wands
 s - a wand of random effects (7)
Scrolls
 b - 4 scrolls of identify {unknown}
 f - a scroll of remove curse
 h - a scroll of magic mapping {unknown}
 j - 5 scrolls of teleportation
 k - a scroll of enchant weapon {unknown}
 l - a scroll of random uselessness {unknown}
 n - 2 scrolls of noise {unknown}
 p - a scroll of fog {unknown}
 q - a scroll of immolation {unknown}
 u - a scroll of enchant armour {unknown}
Potions
 d - 3 potions of heal wounds {unknown}
 e - a potion of lignification {unknown}
 i - a potion of invisibility {unknown}
 m - a potion of brilliance {unknown}
 o - a potion of berserk rage {unknown}
 r - a potion of might {unknown}
 v - a potion of cancellation {unknown}
Comestibles
 c - 3 rations
 t - 2 chunks of flesh


   Skills:
 - Level 1.0 Fighting
 - Level 2.0 Dodging
 + Level 6.1 Unarmed Combat
 - Level 2.0 Spellcasting
 + Level 5.6 Transmutations


You had 4 spell levels left.
You knew the following spells:

 Your Spells              Type           Power        Failure   Level  Hunger
a - Beastly Appendage     Tmut           ###...       1%          1    #......
b - Sticks to Snakes      Tmut           ###.....     3%          2    ###....
c - Spider Form           Tmut/Pois      ##........   19%         3    ###....

Your spell library contained the following spells:

 Spells                   Type           Power        Failure   Level  Hunger
 Ice Form                 Ice/Tmut       ##......     52%         4    #####..
 Blade Hands              Tmut           ###.......   47%         5    ######.


Dungeon Overview and Level Annotations

Branches:
Dungeon (5/15)             Temple (1/1) D:5

Altars:
Ashenzari
Cheibriados
Dithmenos
Elyvilon
Fedhas
Gozag
Hepliaklqana
Kikubaaqudgha
Makhleb
Nemelex Xobeh
Okawaru
Qazlal
Ru
Sif Muna
Trog
Uskayaw
Vehumet
Xom
Yredelemnul
The Shining One

Annotations:
D:5 1 transporter, Dowan, Duvessa


Innate Abilities, Weirdness & Mutations

You cannot wear most types of armour.
You are very stealthy in the water. (Stealth+)
You are amphibious.
You can wear up to eight rings at the same time.
You can use your tentacles to constrict eight enemies at once.
Your skin changes colour to match your surroundings (Stealth+).
Your rubbery body absorbs attacks. (AC +1, EV +1)


Message History

The orc priest shouts!
The orc priest mumbles some strange prayers to Beogh against you.
Beogh smites you!
The orc priest calls down the wrath of Beogh upon you.
Beogh smites you!
* * * LOW HITPOINT WARNING * * *
As you read the scroll of teleportation, it crumbles to dust.
You feel strangely unstable.
Your surroundings suddenly seem different.
The orc shouts!
The orc priest shouts!
The orc priest hits you with a +0 flail!
* * * LOW HITPOINT WARNING * * *
You bludgeon the orc priest! Your grab misses the orc priest.
The orc priest is heavily wounded.
You barely miss the orc priest. You grab the orc priest.
You squeeze the orc priest!
You kill the orc priest!
Okawaru accepts your kill. The orc hits you with a +0 whip.
You die...

#....
###+###### ....
# ##### # #. .#
#.#.####.#
##........#####
#.............#
#...o# #..@)#
#....# ##..##
#... ##.## ..#
###


You could see an orc.

Vanquished Creatures
  Eustachio (D:5)
  A phantom (D:4)
  An ogre (D:5)
  An orc priest (D:4)
  A hound (D:3)
  An orc wizard (D:4)
  A hound skeleton (D:5)
  A gnoll (D:5)
  6 adders
  An adder skeleton (D:5)
  A worm (D:2)
  A dart slug (D:1)
  2 leopard geckos (D:5)
  2 orcs (D:3)
  5 giant cockroaches
  10 goblins
  4 hobgoblins
  7 jackals
  A quokka (D:5)
  A ball python (D:3)
  10 bats
  10 frilled lizards
  4 kobolds
  A quokka skeleton (D:4)
  6 rats
80 creatures vanquished.

Notes
Turn   | Place    | Note
-------+----------+-------------------------------------------
     0 | D:1      | Kold the Octopode Transmuter began the quest for the Orb.
     0 | D:1      | Reached XP level 1. HP: 13/13 MP: 3/3
   368 | D:1      | Reached XP level 2. HP: 9/18 MP: 3/5
   937 | D:2      | Reached XP level 3. HP: 15/23 MP: 4/6
  1711 | D:2      | Found a basalt altar of Yredelemnul.
  1763 | D:2      | Reached skill level 4 in Unarmed Combat
  1763 | D:2      | Reached XP level 4. HP: 27/28 MP: 5/7
  2698 | D:3      | Reached XP level 5. HP: 31/33 MP: 6/8
  2856 | D:3      | Learned a level 2 spell: Sticks to Snakes
  2860 | D:3      | Learned a level 3 spell: Spider Form
  3649 | D:4      | Noticed a phantom
  3925 | D:4      | Killed a phantom
  3925 | D:4      | Reached skill level 5 in Unarmed Combat
  3925 | D:4      | Reached XP level 6. HP: 17/38 MP: 9/9
  4127 | D:5      | Entered Level 5 of the Dungeon
  4229 | D:5      | Noticed Eustachio
  4238 | D:5      | Found a staircase to the Ecumenical Temple.
  4244 | D:5      | Killed Eustachio
  4244 | D:5      | Reached skill level 5 in Transmutations
  4310 | D:5      | Noticed Duvessa
  4311 | D:5      | Noticed Dowan
  4326 | D:5      | Found a transporter.
  4335 | Temple   | Entered the Ecumenical Temple
  4377 | Temple   | Became a worshipper of Warmaster Okawaru
  4472 | D:5      | Reached skill level 6 in Unarmed Combat
  4472 | D:5      | Reached XP level 7. HP: 38/43 MP: 10/10
  4605 | D:4      | Slain by an orc

Illustrated notes

Levels and vault maps discovered:
D:1:      giann_bridges, layout_rooms
D:2:      layout_loops_cross, marbit_many_paths
D:3:      layout_basic
D:4:      layout_basic, minmay_fractal_squares_5
D:5:      gammafunk_steamed_eel, layout_loops_corners,
          minmay_temple_entry_slanted, first_ration, uniq_eustachio, uniq_ijyb,
          uniq_duvessa, uniq_menkaure
Temple:   compressed_dpeg_circular_temple

Skill      XL: |  1  2  3  4  5  6 |
---------------+-------------------+-----
Transmutations | 3 4 5 |  5.6
Unarmed Combat | 4 5 6 |  6.1
Fighting       | |  1.0
Dodging        | |  2.0
Spellcasting   | |  2.0

Action                   |  1- 3 |  4- 6 |  7- 9 || total
-------------------------+-------+-------+-------++-------
Melee: Unarmed           |    83 |    97 |     7 ||   187
       Constrict         |    21 |    24 |     3 ||    48
       Punch             |     4 |       |       ||     4
       Kick              |    12 |    24 |     1 ||    37
       Tentacles         |     5 |    14 |     3 ||    22
 Cast: Beastly Appendage |    21 |    17 |     1 ||    39
Evoke: Wand              |       |     1 |     1 ||     2
  Use: Scroll            |       |     2 |     1 ||     3
 Stab: Sleeping          |     4 |     3 |       ||     7
  Eat: Chunk             |     3 |     9 |       ||    12
Armor: Skin              |    16 |     5 |       ||    21
Dodge: Dodged            |    56 |    56 |     2 ||   114
